 Dungeon Crawl Stone Soup version 0.18.1-50-g88ac8fd (webtiles) character file.

2423 Redfield the Destroyer (level 9, 0/51 HPs)
             Began as an Octopode Wizard on Oct 29, 2016.
             Was a Follower of Sif Muna.
             Slain by an orc
             ... wielding a +0 short sword
              (2 damage)
             ... on level 7 of the Dungeon.
             The game lasted 00:27:56 (8994 turns).

Redfield the Destroyer (Octopode Wizard)            Turns: 8994, Time: 00:27:57

Health: 0/51       AC:  1    Str:  7    XL:     9   Next: 48%
Magic:  12/27      EV: 12    Int: 23    God:    Sif Muna [*.....]
Gold:   60         SH:  0    Dex: 10    Spells: 5 memorised, 10 levels left

rFire  + . .     SeeInvis .     I - +1 battleaxe (flame)
rCold  . . .     Gourm    .     (shield currently unavailable)
rNeg   . . .     Faith    .     a - +0 hat
rPois  .         Spirit   .     (no amulet)
rElec  .         Dismiss  .     p - ring of protection from fire
rCorr  .         Reflect  .     A - ring of magical power
SustAt .         Harm     .     (no ring)
MR     .....                    (no ring)
Stlth  +++.......               (no ring)
                                (no ring)
                                (no ring)
                                (no ring)

@: repel missiles, not resistant to hostile enchantments, fairly stealthy
A: almost no armour, amphibious, 8 rings, constrict 8, camouflage 1, gelatinous
body 1
a: Channel Energy, Renounce Religion


You were on level 7 of the Dungeon.
You worshipped Sif Muna.
Sif Muna was aware of your devotion.
You were not hungry.

You visited 2 branches of the dungeon, and saw 8 of its levels.

You collected 155 gold pieces.
You spent 95 gold pieces at shops.

Inventory:

Hand Weapons
 I - a +1 battleaxe of flaming (weapon)
Armour
 a - a +0 hat (worn)
Magical Staves
 L - an uncursed staff of fire
Jewellery
 p - a ring of protection from fire (left tentacle)
 r - an uncursed amulet of rage
 y - an uncursed amulet of guardian spirit
 A - a ring of magical power (right tentacle)
Wands
 k - a wand of enslavement (13/24)
 H - a wand of flame (20/48)
 J - a wand of lightning (8/15)
Scrolls
 d - 2 scrolls of recharging {unknown}
 f - 7 scrolls of identify
 i - 2 scrolls of remove curse
 l - 2 scrolls of teleportation {unknown}
 n - 2 scrolls of blinking {unknown}
 o - a scroll of enchant weapon {unknown}
 v - 2 scrolls of amnesia {unknown}
 z - a scroll of fog {unknown}
 C - a scroll of vulnerability {unknown}
 G - 2 scrolls of immolation {unknown}
Potions
 e - 3 potions of resistance
 g - a potion of haste {unknown}
 h - a potion of berserk rage {unknown}
 m - a potion of degeneration {unknown}
 q - 2 potions of mutation
 u - a potion of lignification {unknown}
 x - 2 potions of flight
 D - 2 potions of curing
 E - a potion of brilliance
 F - 2 potions of magic {unknown}
Books
 b - a book of Minor Magic

   Spells                             Type                      Level
   a - Magic Dart                     Conjuration                  1
   b - Blink                          Translocation                2
   c - Call Imp                       Summoning                    2
   d - Repel Missiles                 Charms/Air                   2
   e - Slow                           Hexes                        2
   f - Conjure Flame                  Conjuration/Fire             3
   g - Mephitic Cloud                 Conjuration/Poison/Air       3
 s - a book of the Warp

   Spells                             Type                      Level
   a - Recall                         Summoning/Translocation      3
   b - Gell's Gravitas                Hexes/Translocation          3
   c - Force Lance                    Conjuration/Translocation    4
   d - Warp Weapon                    Charms/Translocation         5
   e - Summon Forest                  Summoning/Translocation      5
 B - a book of Alchemy

   Spells                             Type                      Level
   a - Sublimation of Blood           Necromancy                   2
   b - Ignite Poison                  Fire/Transmutation/Poison    3
   c - Petrify                        Transmutation/Earth          4
   d - Alistair's Intoxication        Transmutation/Poison         5
   e - Irradiate                      Conjuration/Transmutation    5
Comestibles
 c - 6 bread rations
 j - a meat ration
 t - 10 slices of pizza
 K - 2 beef jerkies


   Skills:
 - Level 2.0 Dodging
 - Level 2.6 Stealth
 + Level 6.6 Spellcasting
 - Level 10.6 Conjurations
   Level 1.0 Summonings
 - Level 1.0 Translocations


You had 10 spell levels left.
You knew the following spells:

 Your Spells              Type           Power        Failure   Level  Hunger
a - Magic Dart            Conj           ####         1%          1    None
b - Blink                 Tloc           N/A          10%         2    None
c - Conjure Flame         Conj/Fire      ####....     3%          3    None
d - Mephitic Cloud        Conj/Pois/Air  ###.....     8%          3    None
e - Repel Missiles        Chrm/Air       #.....       14%         2    None


Dungeon Overview and Level Annotations

Branches:
Dungeon (7/15)             Temple (1/1) D:6

Altars:
Ashenzari
Cheibriados
Elyvilon
Fedhas
Gozag
Kikubaaqudgha
Makhleb
Nemelex Xobeh
Okawaru
Pakellas
Qazlal
Ru
Sif Muna
Trog
Vehumet
Xom
Yredelemnul
Zin
The Shining One

Shops:
D:5 !


Innate Abilities, Weirdness & Mutations

You cannot wear most types of armour.
You are amphibious.
You can wear up to eight rings at the same time.
You can use your tentacles to constrict eight enemies at once.
Your skin changes colour to match your surroundings (Stealth).
Your rubbery body absorbs attacks (AC +1).


Message History

The magic dart hits the giant frog.
The giant frog is moderately wounded.
The giant frog hits you.
* * * LOW HITPOINT WARNING * * *
Casting: Magic Dart
Confirm with . or Enter, or press ? or * to list all spells.
Aiming: Magic Dart
Press: ? - help, Shift-Dir - straight line, f/p - water moccasin zombie
Aim: a water moccasin zombie The magic dart hits the giant frog.
The giant frog is heavily wounded.
The giant frog hits you.
* * * LOW HITPOINT WARNING * * *
The giant frog barely misses you.
Casting: Magic Dart
Confirm with . or Enter, or press ? or * to list all spells.
You blink.
The water moccasin zombie barely misses you.
The orc hits you with a short sword.
You die...

....##..# ########### #......
....##.#######.........####......
.......#.....#...................
.......#.# #.#.........####......
'#.....#.. #.#.#..).# ##....#
.#####.#.###.#......# #..... .#
#..........)############....
.#######....._..oZF§)............
<.........##...#@######.#####.#.#
..#####...###......##≈≈.≈≈##..#.#
..# ......###.#....≈#≈≈≈≈#...#.#
..# ###.#..# #....≈#≈≈≈≈≈≈≈≈≈...#
#.# ###..# #...≈≈≈≈≈≈≈#≈≈≈≈≈#..
#.# #....#.#.≈≈≈≈≈≈≈#≈≈≈≈≈.#. ..#
.....#.#≈≈#≈≈;≈≈≈≈≈≈≈≈≈#. ###
.....≈≈≈≈≈≈≈≈≈≈≈≈≈≈≈≈≈.
...≈≈≈$.≈≈...≈≈⌠≈≈##.


You could see a giant frog, an electric eel, an orc and a water moccasin zombie.

Vanquished Creatures
  The ghost of Redfield the Conjurer, an amateur OpWz (D:5)
  A yak (D:7)
  A human (D:7)
  A hippogriff (D:4)
  Edmund (D:5)
  An ice beast (D:7)
  An orc warrior (D:6)
  3 ogres
  4 giant frogs
  2 scorpions (D:5)
  An electric eel (D:7)
  2 howler monkeys
  A crimson imp (D:6)
  A wasp zombie (D:2)
  3 hounds
  An orc priest (D:6)
  An iguana (D:5)
  5 orc wizards
  4 worker ants
  3 sheep (D:7)
  4 gnolls (D:6)
  15 adders
  2 adder zombies
  7 dart slugs
  4 giant geckos
  16 orcs
  10 bats
  6 giant cockroaches
  13 goblins
  11 hobgoblins
  14 jackals
  6 quokkas
  6 giant newts
  14 kobolds
  10 rats
  A butterfly (D:6)
177 creatures vanquished.

Notes
Turn   | Place    | Note
--------------------------------------------------------------
     0 | D:1      | Redfield the Octopode Wizard began the quest for the Orb.
     0 | D:1      | Reached XP level 1. HP: 11/11 MP: 4/4
   359 | D:1      | Reached skill level 2 in Conjurations
   359 | D:1      | Reached XP level 2. HP: 17/17 MP: 3/6
   686 | D:1      | Reached XP level 3. HP: 11/21 MP: 1/7
   945 | D:1      | Reached skill level 3 in Conjurations
  1685 | D:2      | Reached XP level 4. HP: 27/27 MP: 5/8
  1697 | D:2      | Learned a level 2 spell: Blink
  1701 | D:2      | Learned a level 3 spell: Conjure Flame
  1705 | D:2      | Learned a level 3 spell: Mephitic Cloud
  1793 | D:2      | Reached skill level 4 in Conjurations
  1987 | D:2      | Found a sacrificial altar of Ru.
  2191 | D:2      | Reached XP level 5. HP: 5/31 MP: 0/9
  2467 | D:2      | Reached skill level 5 in Conjurations
  3376 | D:4      | Reached XP level 6. HP: 36/36 MP: 7/10
  3406 | D:4      | Noticed a hippogriff
  3421 | D:4      | Killed a hippogriff
  3421 | D:4      | Reached skill level 6 in Conjurations
  3735 | D:4      | Reached skill level 7 in Conjurations
  3735 | D:4      | Reached XP level 7. HP: 41/41 MP: 4/11
  3866 | D:4      | Learned a level 2 spell: Repel Missiles
  4419 | D:5      | Entered Level 5 of the Dungeon
  4429 | D:5      | Noticed Edmund
  4449 | D:5      | Killed Edmund
  4523 | D:5      | Reached skill level 8 in Conjurations
  4605 | D:5      | Found Ifus's Distillery.
  4610 | D:5      | Bought a potion of mutation for 25 gold pieces
  4610 | D:5      | Bought a potion of curing for 30 gold pieces
  4610 | D:5      | Bought a potion of brilliance for 40 gold pieces
  4875 | D:5      | Reached XP level 8. HP: 23/46 MP: 0/12
  5321 | D:5      | Noticed Redfield's ghost (amateur OpWz)
  5381 | D:5      | Killed Redfield's ghost
  5381 | D:5      | Reached skill level 9 in Conjurations
  6195 | D:6      | Reached skill level 10 in Conjurations
  7100 | D:6      | Found a staircase to the Ecumenical Temple.
  7109 | Temple   | Entered the Ecumenical Temple
  7120 | Temple   | Became a worshipper of Sif Muna the Loreminder
  7297 | D:6      | HP: 1/46 [orc warrior/battleaxe of flaming (4)]
  7317 | D:6      | HP: 1/46 [orc wizard/dagger (3)]
  7355 | D:6      | Reached XP level 9. HP: 7/51 MP: 0/15
  7699 | D:6      | Found an oddly glowing altar of Pakellas.
  7774 | D:7      | Found a sparkling altar of Nemelex Xobeh.
  7788 | D:7      | Found a glowing golden altar of the Shining One.
  7790 | D:7      | Noticed an angel
  7799 | D:7      | Found a basalt altar of Yredelemnul.
  7801 | D:7      | Noticed a profane servitor
  8004 | D:7      | Reached * piety under Sif Muna
  8004 | D:7      | Reached skill level 5 in Spellcasting
  8432 | D:7      | Found an opulent altar of Gozag.
  8993 | D:7      | HP: 2/51 [giant frog (6)]
  8994 | D:7      | Slain by an orc

Skill      XL: |  1  2  3  4  5  6  7  8  9 |
---------------+----------------------------+-----
Conjurations   | 2 3 4 5 7 8 10 | 10.6
Spellcasting   | 4 6 |  6.6
Dodging        | |  2.0
Stealth        | |  2.6
Summonings     | |  1.0
Translocations | |  1.0

Action                   |  1- 3 |  4- 6 |  7- 9 || total
-------------------------+-------+-------+-------++-------
Melee: Unarmed           |    12 |       |       ||    12
       Tentacles         |     7 |     4 |     8 ||    19
       Constrict         |    10 |     7 |     9 ||    26
       Dagger            |    32 |     9 |       ||    41
       Spear             |       |    45 |    53 ||    98
       Halberd           |       |       |     3 ||     3
       Battleaxe         |       |       |    14 ||    14
 Cast: Magic Dart        |    77 |   136 |   299 ||   512
       Conjure Flame     |       |     3 |    10 ||    13
       Mephitic Cloud    |       |       |    14 ||    14
       Repel Missiles    |       |       |     2 ||     2
       Blink             |       |       |    11 ||    11
Evoke: Wand              |       |       |     1 ||     1
  Use: Scroll            |       |     1 |     3 ||     4
 Stab: Sleeping          |       |       |     2 ||     2
       Confused          |       |       |     2 ||     2
  Eat: Chunk             |     2 |     6 |    16 ||    24
       Beef jerky        |       |       |     2 ||     2
Armor: Skin              |     7 |     1 |     8 ||    16
Dodge: Dodged            |    36 |    26 |    83 ||   145
       Deflected         |       |       |     2 ||     2
